[ AOE2 MATCH · #505915291 ]
UnrankedBulgarians vs Khitans
Player's team · LOSS
Rival team · WIN
[ REPLAY ANALYSIS · EXTRACTED FROM THE RECORDED GAME ]
Feudal
11:26
Castle
22:42
Imperial
—
| APM avg | 53.5 |
| APM peak | 102 |
| eAPM avg | 31.4 |
| Villagers / military | 152 / 170 |
Focus
⚔️ 47.9% · 🌾 52.1%
Spearman ×123 · Monk ×27 · Militia ×18 · Mangonel ×2
Feudal
9:18
Castle
26:01
Imperial
—
| APM avg | 62.2 |
| APM peak | 88 |
| eAPM avg | 27.4 |
| Villagers / military | 130 / 153 |
Focus
⚔️ 48.5% · 🌾 51.5%
Steppe Lancer ×92 · Cavalry Archer ×26 · Scout Cavalry ×18 · Battering Ram ×15 · Monk ×2
Match map
Initial resources + every placement click. Lines = walls · curves = elevation contours. ◆ gold · ⬟ stone · ● berries · ✦ relic · ◌ wall gap
Your base· Open — opponent sealed themselves in
CNZS_98T's base· ✓ Closed at 26:01 · 49t walls · fragile
Smoothed initial terrain · ◌ = detected wall gap · hover for details
Inputs per minute
— Hannibal - - CNZS_98T
Build order — Hannibal
First 150 of 479 actions detected
| 0:00 | Queue | Villager (Male) |
| 0:01 | Queue | Villager (Male) |
| 0:02 | Build | House |
| 0:07 | Queue | Villager (Male) |
| 0:09 | Queue | Villager (Male) |
| 1:28 | Build | House |
| 1:29 | Build | House |
| 1:30 | Queue | Villager (Male) |
| 1:54 | Queue | Villager (Male) |
| 2:24 | Queue | Villager (Male) |
| 2:38 | Build | Lumber Camp |
| 2:47 | Queue | Villager (Male) |
| 3:19 | Queue | Villager (Male) |
| 3:40 | Queue | Villager (Male) |
| 3:55 | Queue | Villager (Male) |
| 4:18 | Queue | Villager (Male) |
| 4:18 | Queue | Villager (Male) |
| 4:32 | Queue | Villager (Male) |
| 4:32 | Queue | Villager (Male) |
| 4:39 | Build | Barracks |
| 5:09 | Build | House |
| 5:14 | Build | House |
| 5:16 | Queue | Villager (Male) |
| 5:38 | Queue | Militia |
| 5:38 | Queue | Militia |
| 5:41 | Queue | Villager (Male) |
| 5:47 | Build | House |
| 5:48 | Build | Palisade Wall |
| 5:49 | Build | Palisade Wall |
| 5:53 | Queue | Villager (Male) |
| 6:07 | Queue | Militia |
| 6:08 | Queue | Militia |
| 6:15 | Queue | Villager (Male) |
| 6:19 | Build | House |
| 6:31 | Queue | Villager (Male) |
| 6:42 | Build | Mill |
| 7:13 | Queue | Villager (Male) |
| 7:48 | Build | Mill |
| 7:54 | Queue | Villager (Male) |
| 8:16 | Queue | Villager (Male) |
| 8:19 | Build | Farm |
| 8:48 | Research | Loom |
| 8:51 | Build | Farm |
| 9:16 | Research | Feudal Age |
| 9:24 | Build | House |
| 10:03 | Queue | Militia |
| 10:04 | Queue | Militia |
| 10:06 | Build | Mining Camp |
| 10:49 | Build | Mining Camp |
| 11:26 | Age | Feudal Age |
| 11:31 | Queue | Villager (Male) |
| 11:34 | Build | Watch Tower |
| 11:36 | Queue | Spearman |
| 11:40 | Research | Double-Bit Axe |
| 11:41 | Research | Double-Bit Axe |
| 11:42 | Queue | Militia |
| 11:43 | Queue | Villager (Male) |
| 11:46 | Build | Watch Tower |
| 11:53 | Queue | Villager (Male) |
| 11:59 | Queue | Villager (Male) |
| 12:00 | Queue | Villager (Male) |
| 12:00 | Queue | Villager (Male) |
| 12:24 | Build | Farm |
| 12:26 | Queue | Spearman |
| 12:27 | Queue | Spearman |
| 12:31 | Build | House |
| 12:32 | Build | House |
| 12:32 | Build | House |
| 12:44 | Build | Watch Tower |
| 12:46 | Queue | Villager (Male) |
| 13:00 | Queue | Villager (Male) |
| 13:16 | Build | Farm |
| 13:17 | Build | Farm |
| 13:17 | Build | Farm |
| 13:17 | Build | Farm |
| 13:18 | Build | Farm |
| 13:27 | Build | Palisade Wall |
| 13:28 | Build | Palisade Wall |
| 13:29 | Build | Palisade Wall |
| 13:31 | Build | Palisade Wall |
| 13:41 | Queue | Villager (Male) |
| 14:06 | Research | Arson |
| 14:10 | Build | Farm |
| 14:12 | Build | Farm |
| 14:13 | Queue | Villager (Male) |
| 14:14 | Queue | Villager (Male) |
| 14:23 | Build | Palisade Wall |
| 14:27 | Build | Palisade Wall |
| 14:28 | Queue | Villager (Male) |
| 14:41 | Build | Farm |
| 14:57 | Queue | Villager (Male) |
| 15:02 | Queue | Villager (Male) |
| 15:10 | Build | Watch Tower |
| 15:27 | Build | Farm |
| 15:35 | Queue | Villager (Male) |
| 15:35 | Queue | Villager (Male) |
| 15:48 | Queue | Spearman |
| 15:53 | Build | Palisade Wall |
| 15:53 | Build | Palisade Wall |
| 15:54 | Build | Palisade Wall |
| 15:54 | Build | Palisade Wall |
| 15:54 | Build | Palisade Wall |
| 16:06 | Build | House |
| 16:06 | Build | House |
| 16:30 | Build | Watch Tower |
| 16:32 | Queue | Villager (Male) |
| 16:51 | Queue | Spearman |
| 16:53 | Queue | Villager (Male) |
| 16:53 | Queue | Villager (Male) |
| 16:56 | Queue | Villager (Male) |
| 17:04 | Queue | Spearman |
| 17:13 | Build | Market |
| 17:17 | Queue | Spearman |
| 17:27 | Build | Stone Wall |
| 17:32 | Build | Farm |
| 17:32 | Queue | Villager (Male) |
| 17:44 | Build | Watch Tower |
| 17:47 | Queue | Spearman |
| 17:56 | Build | Palisade Wall |
| 18:06 | Build | Palisade Wall |
| 18:20 | Build | Farm |
| 18:56 | Build | House |
| 18:58 | Build | Farm |
| 18:58 | Build | Farm |
| 18:58 | Build | Farm |
| 19:05 | Build | Farm |
| 19:30 | Build | Blacksmith |
| 19:37 | Queue | Villager (Male) |
| 19:50 | Research | Castle Age |
| 19:57 | Research | Scale Mail Armor |
| 19:58 | Research | Scale Mail Armor |
| 20:15 | Queue | Spearman |
| 20:15 | Queue | Spearman |
| 20:18 | Queue | Spearman |
| 20:27 | Build | Stone Wall |
| 20:32 | Build | Gate |
| 20:34 | Build | Stone Wall |
| 20:41 | Queue | Spearman |
| 20:41 | Queue | Militia |
| 20:42 | Queue | Spearman |
| 20:42 | Queue | Spearman |
| 20:45 | Build | Stone Wall |
| 20:48 | Build | Stone Wall |
| 20:56 | Queue | Spearman |
| 21:15 | Build | Stone Wall |
| 21:20 | Build | Stone Wall |
| 21:23 | Build | Stone Wall |
| 21:25 | Build | Stone Wall |
| 21:30 | Queue | Spearman |
| 21:30 | Queue | Spearman |
Build order — CNZS_98T
First 150 of 453 actions detected
| 0:00 | Queue | Villager (Male) |
| 0:01 | Queue | Villager (Male) |
| 0:01 | Queue | Villager (Male) |
| 0:01 | Queue | Villager (Male) |
| 0:02 | Build | House |
| 0:03 | Build | House |
| 1:28 | Queue | Villager (Male) |
| 2:05 | Queue | Villager (Male) |
| 2:05 | Queue | Villager (Male) |
| 2:18 | Build | Lumber Camp |
| 2:22 | Queue | Villager (Male) |
| 2:49 | Queue | Villager (Male) |
| 2:50 | Queue | Villager (Male) |
| 3:09 | Queue | Villager (Male) |
| 3:29 | Build | House |
| 3:33 | Queue | Villager (Male) |
| 3:59 | Queue | Villager (Male) |
| 3:59 | Queue | Villager (Male) |
| 4:53 | Queue | Villager (Male) |
| 4:53 | Queue | Villager (Male) |
| 5:10 | Build | Mill |
| 5:18 | Build | Palisade Wall |
| 5:19 | Queue | Villager (Male) |
| 5:36 | Build | Palisade Wall |
| 5:39 | Queue | Villager (Male) |
| 5:44 | Research | Loom |
| 6:11 | Build | Palisade Wall |
| 6:50 | Build | House |
| 6:52 | Build | House |
| 7:05 | Build | Palisade Wall |
| 7:08 | Research | Feudal Age |
| 7:23 | Build | Palisade Wall |
| 7:29 | Build | Palisade Wall |
| 7:32 | Build | Palisade Wall |
| 8:03 | Build | Palisade Wall |
| 8:41 | Build | Barracks |
| 9:08 | Build | House |
| 9:11 | Queue | Villager (Male) |
| 9:18 | Age | Feudal Age |
| 9:22 | Queue | Villager (Male) |
| 9:26 | Build | Stable |
| 9:50 | Research | Double-Bit Axe |
| 9:50 | Queue | Villager (Male) |
| 10:11 | Queue | Scout Cavalry |
| 10:20 | Queue | Villager (Male) |
| 10:34 | Build | Pasture |
| 10:44 | Queue | Villager (Male) |
| 10:46 | Queue | Scout Cavalry |
| 11:13 | Build | Pasture |
| 11:16 | Queue | Villager (Male) |
| 11:16 | Queue | Villager (Male) |
| 11:25 | Build | Palisade Wall |
| 11:45 | Build | Pasture |
| 11:52 | Build | Watch Tower |
| 11:53 | Queue | Villager (Male) |
| 12:04 | Queue | Scout Cavalry |
| 12:18 | Queue | Villager (Male) |
| 12:33 | Build | House |
| 12:36 | Build | House |
| 12:36 | Queue | Villager (Male) |
| 12:57 | Queue | Villager (Male) |
| 13:01 | Build | Stone Wall |
| 13:04 | Build | House |
| 13:14 | Build | House |
| 13:17 | Build | Stone Wall |
| 13:19 | Queue | Villager (Male) |
| 13:22 | Build | Pasture |
| 13:39 | Queue | Villager (Male) |
| 13:41 | Build | House |
| 13:47 | Build | Blacksmith |
| 13:53 | Queue | Scout Cavalry |
| 14:03 | Build | House |
| 14:10 | Queue | Villager (Male) |
| 14:11 | Queue | Scout Cavalry |
| 14:20 | Build | Mill |
| 14:26 | Queue | Scout Cavalry |
| 14:38 | Build | Stone Wall |
| 14:50 | Build | Stone Wall |
| 14:58 | Queue | Villager (Male) |
| 15:20 | Research | Forging |
| 15:29 | Build | Pasture |
| 15:36 | Queue | Scout Cavalry |
| 15:41 | Build | Pasture |
| 16:02 | Build | Pasture |
| 16:07 | Queue | Scout Cavalry |
| 16:10 | Queue | Villager (Male) |
| 16:23 | Build | Mining Camp |
| 16:27 | Research | Scale Barding Armor |
| 16:50 | Queue | Villager (Male) |
| 17:04 | Queue | Scout Cavalry |
| 17:12 | Build | Pasture |
| 17:17 | Queue | Scout Cavalry |
| 17:19 | Queue | Villager (Male) |
| 17:29 | Queue | Villager (Male) |
| 17:43 | Queue | Scout Cavalry |
| 17:55 | Build | Stable |
| 17:58 | Queue | Scout Cavalry |
| 18:01 | Queue | Villager (Male) |
| 18:15 | Build | Watch Tower |
| 18:16 | Queue | Villager (Male) |
| 18:32 | Queue | Scout Cavalry |
| 18:32 | Queue | Scout Cavalry |
| 18:36 | Queue | Villager (Male) |
| 18:49 | Queue | Scout Cavalry |
| 18:49 | Queue | Scout Cavalry |
| 19:00 | Queue | Villager (Male) |
| 19:06 | Build | Pasture |
| 19:12 | Research | Tech 1014 |
| 19:13 | Research | Tech 1014 |
| 19:17 | Build | House |
| 19:18 | Build | House |
| 19:22 | Queue | Villager (Male) |
| 19:31 | Queue | Scout Cavalry |
| 19:44 | Queue | Villager (Male) |
| 19:53 | Build | Watch Tower |
| 19:59 | Research | Fletching |
| 20:06 | Queue | Villager (Male) |
| 20:14 | Queue | Villager (Male) |
| 20:25 | Queue | Villager (Male) |
| 20:38 | Build | Mining Camp |
| 22:04 | Queue | Villager (Male) |
| 22:05 | Queue | Villager (Male) |
| 22:27 | Build | Watch Tower |
| 22:37 | Build | Lumber Camp |
| 22:40 | Queue | Villager (Male) |
| 22:42 | Queue | Scout Cavalry |
| 23:11 | Build | Lumber Camp |
| 23:21 | Research | Castle Age |
| 23:27 | Build | Market |
| 23:34 | Build | Palisade Wall |
| 23:43 | Build | Pasture |
| 23:47 | Build | Pasture |
| 23:53 | Build | Stone Wall |
| 24:01 | Research | Gold Mining |
| 24:26 | Build | Pasture |
| 24:35 | Build | Stable |
| 25:48 | Research | Wheelbarrow |
| 26:01 | Age | Castle Age |
| 26:04 | Queue | Steppe Lancer |
| 26:05 | Queue | Steppe Lancer |
| 26:05 | Queue | Steppe Lancer |
| 26:05 | Queue | Steppe Lancer |
| 26:09 | Queue | Villager (Male) |
| 26:27 | Queue | Steppe Lancer |
| 26:28 | Queue | Steppe Lancer |
| 26:51 | Queue | Villager (Male) |
| 26:54 | Build | Town Center |
| 27:05 | Queue | Steppe Lancer |
| 27:05 | Queue | Steppe Lancer |
| 27:09 | Build | Pasture |
Match timeline
| 4:39 | Hannibal · first_building Barracks |
| 5:18 | CNZS_98T · wall_segment Palisade Wall x6 |
| 5:36 | CNZS_98T · wall_segment Palisade Wall x17 |
| 5:48 | Hannibal · wall_segment Palisade Wall x1 |
| 5:49 | Hannibal · wall_segment Palisade Wall x1 |
| 6:11 | CNZS_98T · wall_segment Palisade Wall x12 |
| 7:05 | CNZS_98T · wall_segment Palisade Wall x1 |
| 7:23 | CNZS_98T · wall_segment Palisade Wall x1 |
| 7:29 | CNZS_98T · wall_segment Palisade Wall x7 |
| 7:32 | CNZS_98T · wall_segment Palisade Wall x4 |
| 8:03 | CNZS_98T · wall_segment Palisade Wall x4 |
| 8:41 | CNZS_98T · first_building Barracks |
| 9:18 | CNZS_98T · age_up feudal |
| 9:26 | CNZS_98T · first_building Stable |
| 11:25 | CNZS_98T · wall_segment Palisade Wall x1 |
| 11:26 | Hannibal · age_up feudal |
| 13:01 | CNZS_98T · wall_segment Stone Wall x1 |
| 13:17 | CNZS_98T · wall_segment Stone Wall x1 |
| 13:27 | Hannibal · wall_segment Palisade Wall x1 |
| 13:28 | Hannibal · wall_segment Palisade Wall x1 |
| 13:29 | Hannibal · wall_segment Palisade Wall x1 |
| 13:31 | Hannibal · wall_segment Palisade Wall x1 |
| 14:23 | Hannibal · wall_segment Palisade Wall x1 |
| 14:27 | Hannibal · wall_segment Palisade Wall x1 |
| 14:38 | CNZS_98T · wall_segment Stone Wall x4 |
| 14:50 | CNZS_98T · wall_segment Stone Wall x2 |
| 15:53 | Hannibal · wall_segment Palisade Wall x1 |
| 15:53 | Hannibal · wall_segment Palisade Wall x1 |
| 15:54 | Hannibal · wall_segment Palisade Wall x2 |
| 15:54 | Hannibal · wall_segment Palisade Wall x1 |
| 15:54 | Hannibal · wall_segment Palisade Wall x2 |
| 17:27 | Hannibal · wall_segment Stone Wall x1 |
| 17:56 | Hannibal · wall_segment Palisade Wall x1 |
| 18:06 | Hannibal · wall_segment Palisade Wall x1 |
| 18:08 | Hannibal · first_market_buy 100 food |
| 20:27 | Hannibal · wall_segment Stone Wall x4 |
| 20:34 | Hannibal · wall_segment Stone Wall x6 |
| 20:45 | Hannibal · wall_segment Stone Wall x1 |
| 20:48 | Hannibal · wall_segment Stone Wall x1 |
| 21:15 | Hannibal · wall_segment Stone Wall x1 |
| 21:20 | Hannibal · wall_segment Stone Wall x1 |
| 21:23 | Hannibal · wall_segment Stone Wall x1 |
| 21:25 | Hannibal · wall_segment Stone Wall x1 |
| 22:29 | Hannibal · wall_segment Stone Wall x1 |
| 22:42 | Hannibal · age_up castle |
| 23:00 | Hannibal · wall_segment Palisade Wall x1 |
| 23:02 | Hannibal · wall_segment Palisade Wall x1 |
| 23:03 | Hannibal · wall_segment Palisade Wall x1 |
| 23:14 | Hannibal · first_building Krepost |
| 23:34 | CNZS_98T · wall_segment Palisade Wall x1 |
| 23:47 | Hannibal · wall_segment Palisade Wall x1 |
| 23:48 | Hannibal · wall_segment Palisade Wall x1 |
| 23:50 | Hannibal · wall_segment Palisade Wall x1 |
| 23:53 | CNZS_98T · wall_segment Stone Wall x1 |
| 25:24 | Hannibal · first_market_sell 100 wood |
| 26:01 | CNZS_98T · age_up castle |
| 31:04 | CNZS_98T · first_market_buy 100 wood |
| 32:27 | Hannibal · wall_segment Stone Wall x1 |
| 32:42 | Hannibal · first_building Monastery |
| 32:49 | CNZS_98T · first_market_sell 100 wood |
| 33:02 | CNZS_98T · first_building Siege Workshop |
| 35:29 | Hannibal · wall_segment Stone Wall x1 |
| 35:31 | Hannibal · wall_segment Stone Wall x1 |
| 35:31 | Hannibal · wall_segment Stone Wall x1 |
| 35:31 | Hannibal · wall_segment Stone Wall x2 |
| 35:32 | Hannibal · wall_segment Stone Wall x2 |
| 35:40 | Hannibal · wall_segment Stone Wall x1 |
| 35:53 | Hannibal · wall_segment Stone Wall x1 |
| 37:17 | Hannibal · wall_segment Stone Wall x4 |
| 39:26 | Hannibal · wall_segment Stone Wall x5 |
| 42:24 | Hannibal · first_building Siege Workshop |
| 47:09 | CNZS_98T · first_building Archery Range |
| 47:23 | Hannibal · wall_segment Stone Wall x1 |
| 51:06 | CNZS_98T · first_building Monastery |
| 52:43 | CNZS_98T · first_building Castle |
| 54:19 | Hannibal · resign |
[ AI ANALYSIS · 1 CREDIT ]
What really happened in this match?
Wolo.gg analyzes every decision: build order, eco, micro, common mistakes by bracket. Personalized analysis on WhatsApp or Discord in 30 seconds.
Civ guide
Bulgarians
Perfil
Hannibal